 Dungeon Crawl Stone Soup version 0.30.1-11-g7821555f0a (webtiles) character file.

Game seed: 16387269103270278582

64 Okkudo the Chopper (level 4, -3/41 HPs)
             Began as a Hill Orc Monk on Dec 4, 2023.
             Constricted to death by Robin (5 damage)
             ... on level 2 of the Dungeon.
             The game lasted 00:02:46 (803 turns).

Okkudo the Chopper (Hill Orc Monk)                   Turns: 803, Time: 00:02:47

Health: -3/41      AC:  5    Str: 15    XL:     4   Next: 12%
Magic:  4/4        EV: 14    Int: 10    God:
Gold:   134        SH:  0    Dex: 13    Spells: 3/3 levels left

rFire   . . .        a - +0 hand axe
rCold   . . .        d - orb {light}
rNeg    . . .        j - +0 troll leather armour
rPois   .            (no helmet)
rElec   .            l - +0 cloak
rCorr   .            (no gloves)
SInv    .            (no boots)
Will    .....        (no amulet)
Stlth   +            b - +5 ring of evasion
HPRegen 1.06/turn    (no ring)
MPRegen 0.09/turn

%: no passive effects
@: grasped by roots, glowing, constricted
A: no striking features
a: no special abilities


You were on level 2 of the Dungeon.
You visited 1 branch of the dungeon, and saw 2 of its levels.

You collected 134 gold pieces.

Inventory:

Hand Weapons
 a - a +0 hand axe (weapon)
Armour
 d - an orb of light (worn)
 j - a +0 troll leather armour (worn)
 l - a +0 cloak (worn)
Jewellery
 b - a +5 ring of evasion (left hand)
Scrolls
 f - 4 scrolls of identify {unknown}
 g - a scroll of teleportation {unknown}
 h - a scroll of enchant weapon {unknown}
Potions
 c - a potion of ambrosia
 e - 3 potions of heal wounds {unknown}
 i - a potion of attraction {unknown}
 k - 2 potions of curing {unknown}
 m - a potion of degeneration {unknown}


   Skills:
 + Level 4.4 Fighting
 + Level 5.0 Axes
 + Level 3.0 Dodging


You had 3 spell levels left.
You didn't know any spells.
Your spell library contained the following spells:

 Spells                   Type           Power      Damage    Failure   Level
 Poisonous Vapours        Pois/Air       0%         N/A       56%         2
 Mephitic Cloud           Conj/Pois/Air  0%         N/A       80%         3
 Freezing Cloud           Conj/Ice/Air   0%         6-21      100%        5


Dungeon Overview and Level Annotations

Branches:
Dungeon (2/15)

Altars:

Annotations:
D:2 Robin


Message History

You hit Robin.
Robin is lightly wounded.
You hit the goblin. The goblin closely misses you.
Robin hits you but does no damage.
You hit Robin but do no damage.
Robin is lightly wounded.
You hit the goblin.
You kill the goblin!
Robin zaps a wand.
The roots erupt in riotous growth!
The grasping roots grab you!
Robin is unaffected.
The grasping roots constrict you.
You hit Robin.
Robin is moderately wounded.
Robin hits you with a +0 short sword. The grasping roots constrict you.
The grasping roots release their grip on you.
You hit Robin.
Robin is heavily wounded.
Robin zaps a wand.
The roots erupt in riotous growth!
The grasping roots grab you!
Robin is unaffected.
The grasping roots constrict you.
* * * LOW HITPOINT WARNING * * *
You hit Robin.
Robin is severely wounded.
Robin misses you. The grasping roots constrict you.
* * * LOW HITPOINT WARNING * * *
You hit Robin.
Robin is almost dead.
Robin hits you but does no damage. The grasping roots constrict you.
* * * LOW HITPOINT WARNING * * *
You hit Robin but do no damage.
Robin is almost dead.
Robin hits you but does no damage. The grasping roots constrict you.
* * * LOW HITPOINT WARNING * * *
The grasping roots release their grip on you.
You hit Robin but do no damage.
Robin is almost dead.
Robin zaps a wand.
The roots erupt in riotous growth!
The grasping roots grab you!
Robin is unaffected.
The grasping roots constrict you.
You die...

................##.#.#
####.#.##.....<......#
#.#.##.##...#)###.#
#)#....######.# #.#
#.###### #.# #.#
####.# #.. ..# .(...#
#.###.# .....# #)# #.#
###### #.#.## #@#
#.###.....#### #.#.#
#g###............. #
#.# #.....g...........
#.# #######g#.....# #.
#.#### #.#.....###(
#....# #g#.....g...
####.# #.g#........
#># ##..)....###. #.#
#.....#g###.##.


You could see Robin.

Vanquished Creatures
  2 adders (D:2)
  2 worms (D:2)
  7 ball pythons
  An endoplasm (D:1)
  9 goblins (D:2)
  7 hobgoblins
  2 quokkas
  A kobold (D:2)
  5 rats
36 creatures vanquished.

Notes
Turn   | Place    | Note
-------+----------+-------------------------------------------
     0 | D:1      | Okkudo the Hill Orc Monk began the quest for the Orb.
     0 | D:1      | Reached XP level 1. HP: 19/19 MP: 1/1
   135 | D:1      | Reached XP level 2. HP: 24/27 MP: 2/2
   177 | D:1      | Found Quphav's General Store.
   521 | D:2      | Reached XP level 3. HP: 33/33 MP: 3/3
   746 | D:2      | Noticed Robin
   785 | D:2      | Reached XP level 4. HP: 37/41 MP: 4/4
   794 | D:2      | Reached skill level 5 in Axes
   802 | D:2      | HP: 1/41 [constriction (5)]
   803 | D:2      | Constricted to death by Robin

Illustrated notes

Levels and vault maps discovered:
D:1:      spicycebolla_arrival_clurvy, layout_rooms, serial_shops, shop,
          minmay_shallow_snake_nest
D:2:      cheibrodos_fertilizer, layout_loops_ring, uniq_robin

Skill      XL: |  1  2  3  4 |
---------------+-------------+-----
Fighting       | 4 |  4.4
Dodging        | 3 |  3.0
Axes           | 5 |  5.0

Action                     |  1- 3 |  4- 6 || total
---------------------------+-------+-------++-------
  Melee: Hand axe          |    91 |    19 ||   110
 Armour: Robe              |     3 |       ||     3
         Troll leather arm |    15 |     4 ||    19
  Dodge: Dodged            |    78 |     7 ||    85
